 Dungeon Crawl Stone Soup version 0.29.1-12-g30fa7ad0bf (webtiles) character file.

Game seed: 595108248822509956

38 tkbsonic5 the Shield-Bearer (level 3, -1/49 HPs)
             Began as a Meteoran Fighter on Jan 8, 2023.
             Slain by Robin
             ... wielding a +0 whip
              (3 damage)
             ... on level 2 of the Dungeon.
             The game lasted 00:03:56 (556 turns).

tkbsonic5 the Shield-Bearer (Meteoran Fighter)       Turns: 556, Time: 00:03:57

Health: -1/49      AC: 21    Str: 16 (19) XL:     3   Next: 91%
Magic:  4/4        EV: -1    Int:  9 (10) God:
Gold:   16         SH:  4    Dex: 10 (13) Spells: 2/2 levels left

rFire   . . .      SeeInvis .   a - +0 flail
rCold   . . .      Faith    .   c - +0 buckler
rNeg    . . .      Spirit   .   (body armour currently unavailable)
rPois   +          Reflect  .   (helmet currently unavailable)
rElec   .          Harm     .   (cloak currently unavailable)
rCorr   .          Rampage  .   (gloves currently unavailable)
Will    .....      NoTele   +   (boots currently unavailable)
Stlth   +.........              (no amulet)
HPRegen 0.16/turn               (no ring)
MPRegen 0.09/turn               (no ring)

@: mighty, tree-form, grasped by roots, attractive, glowing, constricted
A: stationary, stasis, torment immunity, boosted hp, sense surroundings 1,
otherworldly, glowing, explore regen
a: no special abilities


You were on level 2 of the Dungeon.
You were a tree.
You visited 1 branch of the dungeon, and saw 2 of its levels.

You collected 16 gold pieces.

Inventory:

Hand Weapons
 a - a +0 flail (weapon)
 g - a +0 trident
 h - a +0 sling
Armour
 b - a +0 scale mail (melded)
 c - a +0 buckler (worn)
 m - a +0 pair of boots (melded)
Scrolls
 e - a scroll of enchant weapon {unknown}
 f - 2 scrolls of identify {unknown}
 j - a scroll of magic mapping {unknown}
 k - a scroll of enchant armour {unknown}
 n - a scroll of teleportation {unknown}
Potions
 l - 2 potions of degeneration


   Skills:
 * Level 3.8 Fighting
 * Level 3.5 Maces & Flails
 + Level 0.4 Ranged Weapons
 + Level 3.9 Armour
 + Level 4.0 Shields


You had 2 spell levels left.
You didn't know any spells.
Your spell library was empty.

Dungeon Overview and Level Annotations

Branches:
Dungeon (2/15) Zot: 625

Altars:

Shops:
D:1 (*[((

Annotations:
D:2 Robin


Innate Abilities, Weirdness & Mutations

You are a tree.
Your roots penetrate the ground, keeping you stationary.
You cannot be teleported.
You are immune to unholy pain and torment.
Your maximum health is greatly increased.
Your equipment is partially melded.
You passively map a small area around you.
You are easily found by Zot.
You glow in the dark.
You regain HP and MP as you explore.


Message History

Robin throws the goblin at you! The goblin hits you but does no damage.
The hobgoblin hits you but does no damage.
The goblin hits you but does no damage. x2
You sock the goblin!
You kill the goblin!
The goblin no longer looks unusually strong.
The goblin hits you but does no damage.
You barely miss the goblin. The goblin hits you with a +0 club.
* * * LOW HITPOINT WARNING * * *
The hobgoblin hits you but does no damage.
Robin throws the goblin at you!
You sock the goblin!
You kill the goblin!
Robin throws the goblin at you!
The goblin hits you but does no damage. x2
You thump the goblin!
You kill the goblin!
The goblin no longer looks unusually strong.
The goblin hits you but does no damage. You block the goblin's attack.
The hobgoblin hits you.
* * * LOW HITPOINT WARNING * * *
The goblin hits you but does no damage.
You sock the goblin!
You kill the goblin!
The hobgoblin no longer looks unusually strong.
The hobgoblin hits you but does no damage.
You thump the goblin!
You kill the goblin!
The hobgoblin hits you but does no damage.
Robin zaps a wand.
The roots erupt in riotous growth!
The grasping roots grab you!
The hobgoblin is unaffected.
The grasping roots constrict you.
You bludgeon the hobgoblin!!
You kill the hobgoblin!
The grasping roots constrict you.
* * * LOW HITPOINT WARNING * * *
Your Shields skill increases to level 4!
You thump Robin!
Robin is almost dead.
Robin hits you with a +0 whip.
You die...

* , * * ### , #.. , ,
#.# ** , * #.# * ,
#)# #.#######♣#
##....).g)#########.*
#....)....(.<.......
#.###################
*


You could see Robin.

Vanquished Creatures
  A dart slug (D:1)
  4 ball pythons (D:1)
  2 endoplasms (D:1)
  3 giant cockroaches (D:1)
  10 goblins
  4 hobgoblins
  A quokka (D:1)
  A frilled lizard (D:1)
  3 kobolds (D:1)
  A rat (D:1)
30 creatures vanquished.

Notes
Turn   | Place    | Note
-------+----------+-------------------------------------------
     0 | D:1      | tkbsonic5 the Meteoran Fighter began the quest for the Orb.
     0 | D:1      | Reached XP level 1. HP: 19/19 MP: 2/2
    40 | D:1      | Found Hoeseul's Weapon Emporium.
   128 | D:1      | Reached XP level 2. HP: 20/26 MP: 3/3
   146 | D:1      | Found Bonnong's Armour Emporium.
   148 | D:1      | Found Sole Ripne's Antique Weapon Shop.
   285 | D:1      | Reached XP level 3. HP: 31/31 MP: 4/4
   394 | D:1      | Found Jueng's Assorted Antiques.
   443 | D:1      | Found Huresch's Antique Weapon Emporium.
   487 | D:1      | Glimpsed the power of Zot.
   532 | D:2      | Identified the +1 helmet of Repulsion {-Tele rCorr Int+4
                  | Dex+4}
   532 | D:2      | Noticed Robin
   542 | D:2      | HP: 1/33 [goblin/+1 dagger of holy wrath[Robin] (1)]
   555 | D:2      | HP: 2/49 [constriction (2)]
   556 | D:2      | Reached skill level 4 in Shields
   556 | D:2      | Slain by Robin

Illustrated notes

Levels and vault maps discovered:
D:1:      wheals_arrival_linesprint, layout_loops_ring, serial_shops,
          nicolae_shop_behind_doors, shop, nicolae_shop_overgrown_old_shop,
          nicolae_shop_overgrown_old_shop, shop
D:2:      layout_loops_ring, uniq_terence, uniq_robin

Skill      XL: |  1  2  3 |
---------------+----------+-----
Maces & Flails | 3 |  3.5
Shields        | 4 |  4.0
Fighting       | |  3.8
Ranged Weapons | |  0.4
Armour         | |  3.9

Action                   || total
-------------------------++-------
Melee: Flail             ||    63
  Use: Potion            ||     5
Armor: Scale mail        ||    28
       Skin              ||    19
Dodge: Dodged            ||    19
Block: Buckler           ||    13
